Map: Ruins of Seras

Players

WildCatBrown

  • Race: Protoss Protoss
  • League: Bronze

TreinoNoob - Winner!

  • Race: Zerg Zerg
  • League: Bronze

VOD

Have the link to the VOD?

Description

Time

  • Played on: Dec. 20, 2015, 10:50 a.m.
  • Length: 10:15
Show
View Real Time Build Order
Export as new Build Order

WildCatBrown Protoss 

Build Orders: 1 Gate Expand 

Get SALT Encoding   

  12  0:01  Probe (Chrono Boost)  
  13  0:12  Probe (Chrono Boost)  
  14  0:22  Probe (Chrono Boost)  
  14  0:25  Pylon  
  15  0:37  Assimilator  
  15  0:43  Probe (Chrono Boost)  
  16  0:50  Gateway  
  16  0:54  Probe (Chrono Boost)  
  17  1:04  Probe (Chrono Boost)  
  18  1:17  Probe (Chrono Boost)  
  19  1:26  Nexus  
  19  1:34  Pylon  
  19  1:36  Probe (Chrono Boost)  
  20  1:47  Probe (Chrono Boost)  
  21  1:51  Cybernetics Core  
  21  1:57  Probe (Chrono Boost)  
  21  1:58  Zealot  
  24  2:08  Probe (Chrono Boost)  
  25  2:19  Gateway  
  25  2:20  Assimilator  
  25  2:21  Probe (Chrono Boost)  
  26  2:28  Warp Gate  
  26  2:37  Probe (Chrono Boost)  
  26  2:47  Probe x2 (Chrono Boost)  
  28  2:55  Adept  
  32  2:58  Mothership Core (Chrono Boost)  
  32  3:01  Probe (Chrono Boost)  
  33  3:10  Assimilator  
  33  3:11  Sentry, Probe (Chrono Boost)  
  36  3:14  Assimilator  
  36  3:17  Probe (Chrono Boost)  
  37  3:22  Probe (Chrono Boost)  
  38  3:27  Probe (Chrono Boost)  
  38  3:33  Gateway, Probe (Chrono Boost)  
  38  3:34  Gateway  
  40  3:38  Probe (Chrono Boost)  
  41  3:58  Adept x2  
  45  4:06  Pylon  
  45  4:11  Forge  
  45  4:14  Pylon  
  45  4:21  Twilight Council  
  45  4:34  Probe (Chrono Boost)  
  46  4:45  Probe (Chrono Boost)  
  47  4:46  Pylon  
  47  4:49  Pylon  
  47  4:55  Nexus  
  47  4:58  Assimilator  
  47  5:00  Assimilator  
  47  5:06  Pylon  
  47  5:08  Protoss Ground Weapons Level 1  
  47  5:14  Robotics Facility  
  47  5:28  Dark Shrine  
  47  5:33  Stalker x4  
  47  5:35  Pylon  
  55  5:54  Pylon  
  55  6:07  Photon Cannon  
  55  6:09  Warp Prism  
  57  6:12  Stalker x4  
  57  6:13  Photon Cannon  
  57  6:16  Gateway  
  57  6:18  Probe (Chrono Boost)  
  66  6:20  Probe (Chrono Boost)  
  67  6:28  Probe x2 (Chrono Boost)  
  69  6:33  Resonating Glaives  
  69  6:38  Probe (Chrono Boost)  
  70  6:49  Probe (Chrono Boost)  
  71  6:57  Probe (Chrono Boost)  
  71  6:59  Probe x2 (Chrono Boost)  
  74  7:07  Probe (Chrono Boost)  
  73  7:10  Photon Cannon  
  73  7:12  Observer  
  72  7:19  Dark Templar  
  72  7:20  Dark Templar x2  
  63  7:40  Photon Cannon  
  63  7:44  Photon Cannon  
  61  7:45  Dark Templar  
  59  7:59  Dark Templar x3  
  63  8:07  Photon Cannon  
  63  8:12  Photon Cannon  
  55  8:19  Dark Templar  
  57  8:33  Stalker  
  57  8:34  Stalker x2  
  59  8:41  Mothership Core (Chrono Boost)  
  53  8:54  Stalker  
  53  9:22  Probe (Chrono Boost)  
  54  9:24  Warp Prism  
  55  9:32  Probe (Chrono Boost)  
  55  9:43  Probe (Chrono Boost)  
  50  9:53  Dark Templar x2, Probe (Chrono Boost)  
Show
View Real Time Build Order
Export as new Build Order

TreinoNoob Zerg - Winner!

Build Orders: Hatch First, Lurkers 

Get SALT Encoding   

  12  0:02  Drone  
  13  0:08  Drone  
  14  0:36  Hatchery  
  14  0:39  Drone  
  14  0:57  Spawning Pool  
  14  0:59  Drone  
  14  1:07  Extractor  
  14  1:09  Drone  
  14  1:14  Overlord  
  14  1:34  Drone  
  14  1:35  Drone x2  
  17  1:43  Queen  
  19  1:55  Queen  
  22  2:01  Drone  
  23  2:08  Drone x2  
  23  2:12  Drone  
  25  2:17  Zergling x2  
  26  2:26  Overlord  
  26  2:51  Queen  
  26  2:54  Lair  
  26  2:57  Drone x4  
  26  2:58  Drone  
  33  3:01  Extractor  
  33  3:03  Drone  
  33  3:17  Drone x3  
  33  3:19  Overlord  
  36  3:22  Overlord  
  36  3:54  Drone x8  
  36  3:55  Drone  
  44  4:00  Hydralisk Den  
  43  4:18  Extractor x2  
  43  4:23  Overseer  
  41  4:29  Lurker Den  
  41  4:32  Drone x7  
  41  4:33  Drone x3  
  51  4:49  Overlord x5  
  51  4:59  Overlord x2  
  51  5:13  Hydralisk x6  
  59  5:18  Overseer  
  63  5:38  Hydralisk  
  63  5:39  Hydralisk x4  
  73  6:07  Lurker x5  
  78  6:15  Overseer x2  
  78  6:25  Queen x2  
  82  6:33  Hatchery  
  82  6:37  Hatchery  
  80  6:44  Drone x6  
  86  7:01  Queen  
  82  7:31  Hydralisk  
  82  7:32  Hydralisk x6  
  76  8:01  Drone  
  70  8:40  Spore Crawler  
  70  8:41  Spore Crawler  
  68  8:42  Spine Crawler  
  64  8:54  Drone x12  
  74  9:02  Queen  
  74  9:03  Queen x2  
  76  9:12  Drone x4, Spine Crawler  
  76  9:14  Spore Crawler, Queen  
  78  9:34  Drone  
  78  9:35  Drone x7  
  78  9:38  Queen  
  76  10:09  Lurker x2  
Tags
 
Add a new tag
Caveats
  • Supply blocks, unpowered buildings, or Contaminate may cause inaccurate times.
  • Supply counts are checked every 10 seconds.